 Dungeon Crawl Stone Soup version 0.30.1-4-g462c640d31 (webtiles) character file.

Game seed: 4252114676095612614

354 Zeor the Slasher (level 6, -1/39 (45) HPs)
             Began as a Djinni Reaver on Aug 16, 2023.
             Slain by a gnoll
             ... wielding a +0 spear
             ... led by a gnoll bouda
              (9 damage)
             ... on level 6 of the Dungeon.
             The game lasted 00:09:24 (2265 turns).

Zeor the Slasher (Djinni Reaver)                    Turns: 2265, Time: 00:09:24

HP:   -1/39 (45)    AC:  5    Str: 11    XL:     6   Next: 94%
Gold: 194           EV: 12    Int: 16    God:
                    SH:  0    Dex: 12

rFire   + + .        a - +0 falchion
rCold   x . .        (no shield)
rNeg    . . .        b - +1 leather armour
rPois   ∞            e - +0 helmet
rElec   .            (no cloak)
rCorr   .            (no gloves)
SInv    +            (boots unavailable)
Will    .....        (no amulet)
Stlth   +            d - ring of see invisible
HPRegen 0.26/turn    (no ring)
MPRegen 0.00/turn

%: infuse magic (-2 HP)
@: flying, heavily drained
A: sickness immunity, fire resistance 2, cold vulnerability 1, float, innate
caster, HP casting, extra vitality 1
a: no special abilities


You were on level 6 of the Dungeon.
You visited 1 branch of the dungeon, and saw 4 of its levels.

You collected 194 gold pieces.

Inventory:

Hand Weapons
 a - a +0 falchion (weapon)
Missiles
 f - a throwing net
Armour
 b - a +1 leather armour (worn)
 e - a +0 helmet (worn)
Jewellery
 d - a ring of see invisible (left hand)
Scrolls
 g - 4 scrolls of teleportation
Potions
 c - a potion of resistance
 h - 2 potions of attraction
 i - a potion of invisibility {unknown}


   Skills:
 + Level 2.8 Fighting
 + Level 3.8 Long Blades
 + Level 2.8 Armour
 + Level 3.3 Dodging
 + Level 1.0 Stealth
 + Level 3.4 Spellcasting


You knew the following spells:

 Your Spells              Type           Power      Damage    Failure   Level
h - Hailstorm             Conj/Ice       13%        3d5       16%         3
k - Kiss of Death         Conj/Necr      52%        2d9       5%          1
n - Necrotise             Necr           52%        1d6       5%          1
s - Momentum Strike       Conj/Tloc      26%        3d8       9%          2
w - Wereblood             Tmut           13%        N/A       9%          2
Your spell library was empty.

Dungeon Overview and Level Annotations

Branches:
Dungeon (3/15)

Altars:


Innate Abilities, Weirdness & Mutations

You are immune to sickness and miasma.
You are immune to poison.
Your flesh is very heat resistant. (rF++)
You are vulnerable to cold. (rC-)
You float through the air rather than walking.
You learn spells naturally, not from books.
Your magical power is your life essence.
You have superior vitality. (+4 MHP)


Message History

The dead are walking!
The gnoll bouda barely misses you. The gnoll hits you but does no damage.
You hit the gnoll bouda.
The gnoll bouda is lightly wounded.
The gnoll bouda barely misses you. The gnoll hits you but does no damage.
Casting: Necrotise (safe; 5% risk of failure)
Confirm with . or Enter, or press ? or * to list all spells.
Aiming: Necrotise (safe; 5% risk of failure)
Press: ? - help, Shift-Dir - straight line, f - gnoll
Aim: a gnoll, wielding a +0 spear (heavily wounded, covering ground quickly, ally target, chance to affect: 76%)
The gnoll writhes in agony.
The gnoll completely misses you.
The gnoll bouda hits you with a +0 whip.
The gnoll hits you from afar with a +0 spear!
Casting: Necrotise (safe; 5% risk of failure)
Confirm with . or Enter, or press ? or * to list all spells.
Aiming: Kiss of Death (safe; 5% risk of failure)
Press: ? - help, Shift-Dir - straight line, f - gnoll bouda, p - gnoll
Aim: a gnoll bouda, wielding a +0 whip and wearing a +0 robe (lightly wounded, 100% to hit)
The negative energy hits the gnoll bouda!
The gnoll bouda is drained!
The gnoll bouda is almost dead.
You feel drained. The gnoll misses you.
Your gnoll skeleton barely misses the gnoll.
The gnoll bouda hits you but does no damage.
The gnoll hits you but does no damage.
Casting: Kiss of Death (safe; 5% risk of failure)
Confirm with . or Enter, or press ? or * to list all spells.
Aiming: Necrotise (safe; 5% risk of failure)
Press: ? - help, Shift-Dir - straight line, f/p - gnoll bouda
Aim: a gnoll bouda, wielding a +0 whip and wearing a +0 robe (almost dead, heavily drained, chance to affect: 74%)
The gnoll bouda writhes in agony.
You kill the gnoll bouda!
The dead are walking!
The gnoll barely misses you.
Your gnoll skeleton barely misses the gnoll.
The gnoll hits you from afar with a +0 spear!
Your Stealth skill increases to level 1!
You closely miss the gnoll. The gnoll hits you with a +0 flail.
* * * LOW HITPOINT WARNING * * *
The gnoll hits you from afar with a +0 spear!
You die...

▒∙∙∙∙∙∙∙∙∙)∙∙∙∙∙∙∙∙∙∙∙∙∙▒∙▒▒
∙∙▒∙▒∙)∙∙∙∙∙▒▒∙∙∙∙∙∙∙∙∙∙∙∙∙∙▒
▒▒∙∙∙∙∙∙∙▒∙∙∙∙∙∙∙∙∙∙∙∙∙∙▒▒
▒∙∙∙∙∙∙∙∙∙∙▒∙▒∙∙∙∙∙∙∙∙∙∙▒
▒∙∙∙∙▒▒∙∙▒▒∙▒▒▒▒∙∙∙∙∙∙∙∙▒▒▒
▒∙∙▒∙▒▒∙∙∙∙∙∙∙▒▒∙∙∙∙∙∙∙∙∙▒
∙∙∙∙▒▒∙▒▒▒▒∙∙∙∙∙∙∙∙▒▒▒∙∙∙∙∙▒


∙∙∙∙ ▒∙▒▒▒∙Z∙∙▒▒▒∙∙▒ ▒∙∙∙∙∙▒ ∙∙∙∙∙ ∙∙∙∙∙∙∙gR▒ ▒▒∙▒ ▒∙∙∙∙∙∙▒ ∙∙∙∙ ∙▒▒∙∙∙Z∙)∙▒ ▒∙▒
▒∙∙∙∙∙∙∙▒ ∙∙∙∙∙∙g▒∙∙▒ ▒∙ ∙∙∙∙∙∙∙∙∙ ∙∙▒▒∙∙▒▒∙∙▒ ∙∙▒▒∙∙∙∙∙ ▒∙∙ ▒▒∙ ▒▒∙∙ ∙∙▒ ∙∙∙∙∙
∙∙ ∙∙ ∙∙∙ ∙∙∙∙ ▒∙∙∙∙ ∙∙∙ ∙∙∙▒ ∙∙ ∙▒∙∙ You could see 2 gnolls, a friendly gnoll
skeleton and a friendly gnoll bouda skeleton.

Vanquished Creatures
  Sigmund (D:6)
  A gnoll bouda (D:6)
  A jelly (D:6)
  A gnoll (D:6)
  6 adders
  A white imp (D:6)
  4 worms
  An orc (D:6)
  4 bats
  3 endoplasms
  6 goblins
  4 hobgoblins
  2 jackals (D:2)
  3 kobolds
  A quokka (D:2)
  6 ball pythons
  A frilled lizard (D:1)
  6 rats
52 creatures vanquished.

Notes
Turn   | Place    | Note
-------+----------+-------------------------------------------
     0 | D:1      | Zeor the Djinni Reaver began the quest for the Orb.
     0 | D:1      | Zeor set off with the following spells memorised: Kiss of
                  | Death, Momentum Strike, Hailstorm.
     0 | D:1      | Reached XP level 1. HP: 18/18 MP: 0/0
   204 | D:1      | Reached XP level 2. HP: 7/19 MP: 0/0
   976 | D:2      | Reached XP level 3. HP: 26/28 MP: 0/0
   976 | D:2      | Learned a level 1 spell: Necrotise
  1208 | D:2      | Reached skill level 1 in Armour
  1267 | D:2      | Reached XP level 4. HP: 29/33 MP: 0/0
  1897 | D:3      | Reached XP level 5. HP: 33/39 MP: 0/0
  1897 | D:3      | Learned a level 2 spell: Wereblood
  2075 | D:3      | You are sucked into a shaft and drop 3 floors!
  2106 | D:6      | Noticed Sigmund
  2116 | D:6      | Killed Sigmund
  2117 | D:6      | Reached XP level 6. HP: 17/45 MP: 0/0
  2265 | D:6      | Reached skill level 1 in Stealth
  2265 | D:6      | Slain by a gnoll

Illustrated notes

Levels and vault maps discovered:
D:1:      saegor_arrival_simple_b, layout_basic, minmay_domino_4
D:2:      layout_loops_ring
D:3:      layout_basic, uniq_crazy_yiuf_cottage
D:6:      lemuel_slime, layout_cave_pools, ebering_ghost_disaster_area,
          uniq_sigmund

Skill      XL: |  1  2  3  4  5  6 |
---------------+-------------------+-----
Long Blades    | 3 |  3.8
Armour         | 1 2 |  2.8
Spellcasting   | 3 |  3.4
Dodging        | 3 |  3.3
Stealth        | 1 |  1.0
Fighting       | |  2.8

Action                     |  1- 3 |  4- 6 || total
---------------------------+-------+-------++-------
  Melee: Falchion          |    87 |    38 ||   125
         Punch             |       |     1 ||     1
   Cast: Kiss of Death     |     1 |     2 ||     3
         Momentum Strike   |    14 |    17 ||    31
         Hailstorm         |       |     7 ||     7
         Necrotise         |       |     5 ||     5
    Use: Scroll            |     2 |     5 ||     7
         Potion            |       |     2 ||     2
 Armour: Leather armour    |    37 |    11 ||    48
  Dodge: Dodged            |    62 |    22 ||    84
